 Dungeon Crawl Stone Soup version 0.26-a0-663-g36e8fdb655 (webtiles) character file.

Game seed: 5604652301640828580

224 heikuro the Skirmisher (level 6, 0/48 HPs)
             Began as a Formicid Abyssal Knight on Oct 10, 2020.
             Was a Follower of Lugonu.
             Slain by a gnoll
             ... wielding a +0 club
              (3 damage)
             ... on level 2 of the Dungeon.
             The game lasted 00:03:26 (1871 turns).

heikuro the Skirmisher (Formicid Abyssal Knight)    Turns: 1871, Time: 00:03:26

Health: 0/48       AC:  5    Str: 18    XL:     6   Next: 20%
Magic:  8/8        EV: 10    Int: 12    God:    Lugonu [*.....]
Gold:   107        SH:  0    Dex: 10    Spells: 5/5 levels left

rFire    . . .     SeeInvis +   a - +1 spear (vorpal)
rCold    . . .     Faith    .   (no shield)
rNeg     . . .     Spirit   .   j - +0 ring mail
rPois    .         Reflect  .   (helmet unavailable)
rElec    .         Harm     .   (no cloak)
rCorr    .         Rampage  .   (no gloves)
MR       .....                  (no boots)
Stlth    ..........             (no amulet)
HPRegen  0.16/turn              (no ring)
MPRegen  0.11/turn              (no ring)

@: no status effects
A: permanent stasis, dig shafts and tunnels, four strong arms, antennae 3
a: Dig, Shaft Self, Depart the Abyss, Renounce Religion


You were on level 2 of the Dungeon.
You worshipped Lugonu.
Lugonu was aware of your devotion.
You visited 1 branch of the dungeon, and saw 3 of its levels.
You visited the Abyss 1 time.

You collected 107 gold pieces.

Inventory:

Hand Weapons
 a - a +1 vorpal spear (weapon)
Missiles
 d - 87 stones (quivered)
 k - 6 poisoned darts
Armour
 j - a +0 ring mail (worn)
Jewellery
 b - an uncursed ring of poison resistance
 f - an uncursed ring of protection from cold {unknown}
Scrolls
 g - a scroll of teleportation {unknown}
 h - 2 scrolls of fear {unknown}
 n - a scroll of blinking {unknown}
 p - a scroll of enchant armour {unknown}
Potions
 c - 2 potions of curing
 i - 2 potions of heal wounds
 o - a potion of lignification


   Skills:
 + Level 4.3 Fighting
 * Level 4.0 Polearms
 + Level 3.4 Armour
 - Level 1.0 Dodging
 + Level 3.7 Invocations


You had 5 spell levels left.
You didn't know any spells.
Your spell library was empty.

Dungeon Overview and Level Annotations

Branches:
Dungeon (3/15)

Altars:
Cheibriados

Annotations:
D:3 Purgy


Innate Abilities, Weirdness & Mutations

You cannot be hasted, slowed, berserked, paralysed or teleported.
You can dig through walls and to a lower floor.
Your four strong arms can wield two-handed weapons with a shield.
You have a pair of large antennae on your head. (SInv)


Message History

* * * LOW HITPOINT WARNING * * *
You hit the gnoll but do no damage.
The gnoll is moderately wounded.
The gnoll barely misses you.
You hit the gnoll.
The gnoll is heavily wounded.
You barely miss the gnoll.
The gnoll is heavily wounded.
The gnoll hits you with a +0 club.
* * * LOW HITPOINT WARNING * * *
You hit the gnoll but do no damage.
The gnoll is heavily wounded.
The gnoll barely misses you.
You hit the gnoll.
The gnoll is almost dead.
The gnoll misses you.
You hit the gnoll but do no damage.
The gnoll is almost dead.
The gnoll hits you with a +0 club.
You die...

##...........................#
#######.....)..†........(...#
###............>............#
##...###....................##
...### #........gg...#.....##
#### ##.......{g##########
##...#.{{## ########g# #@##
###


You could see a gnoll.

Vanquished Creatures
  Sigmund (D:2)
  An adder (D:2)
  A gnoll (D:2)
  3 worms
  A dart slug (D:1)
  A leopard gecko (D:2)
  A ball python (D:1)
  3 bats
  A giant cockroach (D:2)
  4 goblins
  2 hobgoblins
  5 jackals
  6 frilled lizards
  6 kobolds
  A leopard gecko zombie (D:2)
  3 rats
40 creatures vanquished.

Notes
Turn   | Place    | Note
-------+----------+-------------------------------------------
     0 | Abyss:1  | heikuro the Formicid Abyssal Knight began the quest for the
                  | Orb.
     0 | Abyss:1  | Reached XP level 1. HP: 18/18 MP: 2/2
   159 | Abyss:1  | Noticed a large abomination
   160 | D:1      | Escaped the Abyss
   242 | D:1      | Reached skill level 1 in Dodging
   316 | D:1      | Reached * piety under Lugonu
   316 | D:1      | Reached XP level 2. HP: 24/24 MP: 3/3
   899 | D:1      | Reached XP level 3. HP: 22/29 MP: 4/4
   968 | D:2      | Found a snail-covered altar of Cheibriados.
  1302 | D:2      | Noticed Sigmund
  1310 | D:2      | Reached XP level 4. HP: 32/37 MP: 6/6
  1319 | D:2      | Killed Sigmund
  1319 | D:2      | Reached XP level 5. HP: 23/42 MP: 7/7
  1319 | D:2      | Reached XP level 6. HP: 26/48 MP: 8/8
  1817 | D:3      | Noticed Purgy
  1871 | D:2      | Slain by a gnoll

Illustrated notes

Levels and vault maps discovered:
D:1:      ebering_hopf_link, layout_rooms
D:2:      layout_rooms, cheibriados_altar_1, uniq_sigmund
D:3:      layout_basic, ebering_ghost_rock_garden, nicolae_underground_beach,
          uniq_purgy

Skill      XL: |  1  2  3  4 |
---------------+-------------+-----
Dodging        | 1 |  1.0
Fighting       | 4 |  4.3
Polearms       | 4 |  4.0
Armour         | 3 |  3.4
Invocations    | 3 |  3.7

Action                   |  1- 3 |  4- 6 || total
-------------------------+-------+-------++-------
Melee: Spear             |    95 |    55 ||   150
Throw: Stone             |     1 |       ||     1
Invok: Depart the Abyss  |     1 |       ||     1
 Abil: Dig               |     1 |     1 ||     2
  Use: Scroll            |       |     5 ||     5
Armor: Leather armour    |    17 |       ||    17
       Ring mail         |     9 |    13 ||    22
Dodge: Dodged            |    42 |    28 ||    70

Table legend: (Time is in decaauts)
 A = Elapsed time spent in this place.
 B = Non-inter-level travel time spent in this place.
 C = Inter-level travel time spent in this place.
 D = Time resting spent in this place.
 E = Time spent auto-exploring this place.
 F = Levels seen in this place.
 G = Mean time per level.
                   A        B        C        D        E       F      G
               +--------+--------+--------+--------+--------+-----+--------+
         Total |   1870 |   1805 |     65 |    628 |    737 |   4 |  467.5 |
       Dungeon |   1710 |   1645 |     65 |    528 |    681 |   3 |  570.0 |
         Abyss |    160 |    160 |      0 |    100 |     56 |   1 |  160.0 |
               +--------+--------+--------+--------+--------+-----+--------+

Top non-repeatable levels by time:
     D:2: 835 daAuts
     D:1: 794 daAuts
 Abyss:1: 160 daAuts
     D:3: 80 daAuts
